 Dungeon Crawl Stone Soup version 0.31-a0-564-g3b7de120b3 (webtiles) character file.

Game seed: 15770265654519372169

644 NinjaNoafa the Trooper (level 7, -1/57 HPs)
             Began as a Djinni Ice Elementalist on Aug 16, 2023.
             Was an Initiate of Makhleb.
             Slain by an elf zombie (3 damage)
             ... in an ossuary on Aug 17, 2023.
             The game lasted 00:14:41 (3718 turns).

NinjaNoafa the Trooper (Djinni Ice Elementalist)    Turns: 3718, Time: 00:14:41

Health: -1/57      AC:  7    Str: 10 (11) XL:     7   Next: 82%
Gold:   188        EV: 11    Int: 15 (18) God:    Makhleb [......] SH:  0 Dex: 11 (12)

rFire   + + .        a - +4 dagger
rCold   x . .        (no shield)
rNeg    + . .        o - +0 leather armour
rPois   ∞            (helmet restricted)
rElec   .            (no cloak)
rCorr   .            (no gloves)
SInv    .            (boots unavailable)
Will    +....        (no amulet)
Stlth   +            f - ring of positive energy
HPRegen 0.29/turn    u - ring of wizardry
MPRegen 0.00/turn

%: wizardry (x1), infuse magic (-2 HP)
@: mighty, ice-armoured, enlightened, flying, hasted, invisible, very quick
A: sickness immunity, fire resistance 2, cold vulnerability 1, float, innate
caster, HP casting, extra vitality 1, horns 2, strong 1, subdued magic 1
a: Renounce Religion


You were in an ossuary.
You worshipped Makhleb.
Makhleb was noncommittal.
You visited 2 branches of the dungeon, and saw 6 of its levels.
You also visited: Ossuary.

You collected 188 gold pieces.

Inventory:

Hand Weapons
 a - a +4 dagger (weapon)
 A - the +11 flail of Causality {heavy, *Corrode Int+2 Dex+3}
   (You found it on level 5 of the Dungeon)

   Int+2:     It affects your intelligence (+2).
   Dex+3:     It affects your dexterity (+3).
   *Corrode:  It may corrode you when you take damage.
Missiles
 n - 4 atropa-tipped darts
 q - 3 boomerangs
 r - 6 poisoned darts
Armour
 o - a +0 leather armour (worn)
Magical Staves
 h - a staff of earth
Jewellery
 c - a ring of protection from fire
 f - a ring of positive energy (left hand)
 u - a ring of wizardry (right hand)
Talismans
 w - a maw talisman
Wands
 z - a wand of polymorph (1)
Scrolls
 e - a scroll of fear
 g - 2 scrolls of blinking {unknown}
 i - 2 scrolls of immolation
 j - 3 scrolls of teleportation
 m - a scroll of enchant weapon {unknown}
 t - a scroll of vulnerability {unknown}
 B - a scroll of torment {unknown}
Potions
 d - a potion of invisibility
 k - a potion of attraction
 s - a potion of brilliance


   Skills:
 + Level 6.5 Fighting
 - Level 2.1 Dodging
 - Level 1.5 Stealth
 + Level 4.7 Spellcasting
 + Level 4.7 Conjurations
 + Level 4.7 Hexes
   Level 0.0 Charms
 + Level 4.7 Summonings
 + Level 4.7 Necromancy
 + Level 4.7 Translocations
 + Level 4.7 Transmutations
 + Level 4.7 Fire Magic
 + Level 4.7 Ice Magic
 + Level 4.7 Air Magic
 + Level 4.7 Earth Magic
 + Level 4.7 Poison Magic


You knew the following spells:

 Your Spells              Type           Power      Damage    Failure   Level
a - Kiss of Death         Conj/Necr      52%        2d9       1%          1
b - Frozen Ramparts       Ice            26%        1d4       3%          3
c - Ozocubu's Armour      Ice            13%        N/A       3%          3
d - Summon Ice Beast      Ice/Summ       13%        N/A       12%         4
e - Lesser Beckoning      Tloc           26%        N/A       1%          2
f - Scorch                Fire           26%        2d6       1%          2
i - Freeze                Ice            52%        1d6       1%          1
Your spell library was empty.

Dungeon Overview and Level Annotations

Branches:
Dungeon (5/15) Zot: 26374  Temple (1/1) D:5 Zot: 5958 Ossuary (1/1) Zot: 5956

Altars:
Cheibriados
Dithmenos
Fedhas
Gozag
Hepliaklqana
Makhleb
Nemelex Xobeh
Trog
Uskayaw
Wu Jian
Zin
The Shining One


Innate Abilities, Weirdness & Mutations

You are immune to sickness and miasma.
You are immune to poison.
Your flesh is very heat resistant. (rF++)
You are vulnerable to cold. (rC-)
You float through the air rather than walking.
You learn spells naturally, not from books.
Your magical power is your life essence.
You have superior vitality. (+4 MHP)
You have a pair of horns on your head.
Your muscles are strong. (Str +4, Int/Dex -1)
Your spells are a little easier to cast, but a little less powerful.


Message History

You puncture the hobgoblin zombie!
You destroy the hobgoblin zombie!
Makhleb accepts your kill.
The orc zombie resists.
The wall freezes the orc zombie.
The orc zombie completely resists.
The wall freezes the orc zombie but does no damage.
The orc zombie barely misses you.
The elf zombie resists.
The wall freezes the elf zombie.
The elf zombie hits you but does no damage.
Unknown command.
Okay, then.
Unknown command.
Unknown command.
You hit the elf zombie.
The mummy resists.
The wall freezes the mummy.
Unknown command.
You hit the mummy but do no damage. You headbutt the mummy.
The orc zombie completely resists.
The wall freezes the orc zombie but does no damage.
The orc zombie barely misses you. The orc zombie closely misses you.
The elf zombie completely resists.
The wall freezes the elf zombie but does no damage.
You hit the mummy but do no damage.
You headbutt the mummy, but do no damage.
You hit the mummy.
The frozen ramparts melt away.
The mummy closely misses you. The orc zombie barely misses you.
You hit the mummy. Your headbutt misses the mummy.
You punch the mummy, but do no damage. You barely miss the mummy.
You headbutt the mummy, but do no damage.
The orc zombie barely misses you. The orc zombie closely misses you.
The elf zombie closely misses you. The mummy hits you.
* * * LOW HITPOINT WARNING * * *
You take 6 damage, and have 2/57 hp.
Unknown command.
Okay, then.
You feel very mighty all of a sudden.
The orc zombie hits you but does no damage.
Unknown command.
You puncture the elf zombie! The elf zombie hits you.
You die...

##### ☼.
##.☼§## §.○.
##§○☼§§###°°§§.
#§§○☼§ZZ○○.○§☼.
#☼§§○°@M..°§☼☼.
#☼○°§°☼Z°°°☼§§.
##§°☼§§###○§.§.
##○○○## .☼§○.
##### ..°. .#.
##


You could see a mummy (unable to see you), 2 orc zombies and an elf zombie
(unable to see you).

Vanquished Creatures
  A phantom (D:4)
  3 hounds (D:4)
  An iguana (D:4)
  4 adders
  7 worms (D:2)
  5 orcs
  5 bats
  6 endoplasms
  9 giant cockroaches
  A gnoll zombie (Ossuary)
  5 goblins
  8 hobgoblins
  3 jackals (D:1)
  6 quokkas
  7 ball pythons
  4 frilled lizards
  2 hobgoblin zombies (Ossuary)
  5 kobolds
  An orc zombie (Ossuary)
  4 rats
87 creatures vanquished.

Vanquished Creatures (collateral kills)
  Sigmund (D:2)
  A black bear (D:4)
  An orc priest (D:2)
  Ijyb (D:5)
  A dart slug (D:2)
  2 orcs (D:2)
  A ball python (D:2)
  A hobgoblin (D:2)
  2 hobgoblin zombies (Ossuary)
11 creatures vanquished.

Grand Total: 98 creatures vanquished

Notes
Turn   | Place    | Note
-------+----------+-------------------------------------------
     0 | D:1      | NinjaNoafa the Djinni Ice Elementalist began the quest for
                  | the Orb.
     0 | D:1      | NinjaNoafa set off with the following spells memorised:
                  | Freeze, Frozen Ramparts, Ozocubu's Armour, Summon Ice
                  | Beast.
     0 | D:1      | Reached XP level 1. HP: 15/15 MP: 0/0
   110 | D:1      | Reached XP level 2. HP: 15/22 MP: 0/0
   163 | D:1      | Reached skill level 1 in Fighting
   357 | D:1      | Reached XP level 3. HP: 20/27 MP: 0/0
   357 | D:1      | Learned a level 1 spell: Kiss of Death
   843 | D:2      | Reached skill level 2 in Fighting
   920 | D:2      | Upgraded the game from 0.31-a0-557-g6e16503903 to
                  | 0.31-a0-564-g3b7de120b3
   924 | D:2      | Reached XP level 4. HP: 21/31 MP: 0/0
  1094 | D:2      | Noticed Sigmund
  1111 | D:2      | Killed Sigmund
  1112 | D:2      | Reached skill level 3 in Fighting
  1112 | D:2      | Reached XP level 5. HP: 5/41 MP: 0/0
  1112 | D:2      | Learned a level 2 spell: Lesser Beckoning
  1112 | D:2      | Reached XP level 6. HP: 5/47 MP: 0/0
  1324 | D:2      | Reached skill level 4 in Fighting
  2745 | D:4      | Noticed a black bear
  2749 | D:4      | Killed a black bear
  2750 | D:4      | Reached skill level 5 in Fighting
  2750 | D:4      | Reached XP level 7. HP: 44/54 MP: 0/0
  2750 | D:4      | Learned a level 2 spell: Scorch
  3268 | D:4      | Reached skill level 6 in Fighting
  3453 | D:5      | Entered Level 5 of the Dungeon
  3462 | D:5      | Found a staircase to the Ecumenical Temple.
  3470 | Temple   | Entered the Ecumenical Temple
  3493 | Temple   | Became a worshipper of Makhleb the Destroyer
  3554 | D:5      | Noticed Ijyb
  3567 | D:5      | Killed Ijyb
  3584 | D:5      | Identified the +11 flail of Causality {heavy, *Corrode
                  | Int+2 Dex+3}
  3642 | D:5      | Found a sand-covered staircase.
  3672 | Ossuary  | Entered an ossuary
  3706 | Ossuary  | Gained mutation: Your spells are a little easier to cast,
                  | but a little less powerful. [potion of mutation]
  3706 | Ossuary  | Gained mutation: You have a pair of small horns on your
                  | head. [potion of mutation]
  3706 | Ossuary  | Gained mutation: Your muscles are strong. (Str +4, Int/Dex
                  | -1) [potion of mutation]
  3706 | Ossuary  | Gained mutation: You have a pair of horns on your head.
                  | [potion of mutation]
  3716 | Ossuary  | HP: 2/57 [mummy (6)]
  3718 | Ossuary  | Slain by an elf zombie

Illustrated notes

Levels and vault maps discovered:
D:1:      dpeg_arrival_prison, layout_loops_ring, minmay_tripent
D:2:      layout_basic, minmay_hexomino_u4, uniq_sigmund
D:3:      layout_basic
D:4:      layout_gridville, minmay_circle_x
D:5:      layout_gridville, minmay_temple_entry_overgrown, enter_ossuary_1,
          uniq_crazy_yiuf_cottage, uniq_ijyb
Temple:   nicolae_temple_god_jail
Ossuary:  minmay_ossuary_gauntlet

Skill      XL: |  1  2  3  4  5  6  7 |
---------------+----------------------+-----
Fighting       | 1 2 3 5 6 |  6.5
Spellcasting   | 4 |  4.7
Conjurations   | 4 |  4.7
Hexes          | 4 |  4.7
Summonings     | 4 |  4.7
Necromancy     | 4 |  4.7
Translocations | 4 |  4.7
Transmutations | 4 |  4.7
Fire Magic     | 4 |  4.7
Ice Magic      | 4 |  4.7
Air Magic      | 4 |  4.7
Earth Magic    | 4 |  4.7
Poison Magic   | 4 |  4.7
Dodging        | |  2.1
Stealth        | |  1.5

Action                     |  1- 3 |  4- 6 |  7- 9 || total
---------------------------+-------+-------+-------++-------
  Melee: Unarmed           |     1 |       |       ||     1
         Dagger            |     2 |     1 |    17 ||    20
         Short sword       |     4 |     3 |       ||     7
         Headbutt          |       |       |     3 ||     3
         Punch             |       |       |     1 ||     1
   Cast: Freeze            |    39 |    29 |     5 ||    73
         Frozen Ramparts   |     7 |    16 |     4 ||    27
         Ozocubu's Armour  |     1 |    11 |     2 ||    14
         Kiss of Death     |     1 |     1 |       ||     2
         Summon Ice Beast  |       |     5 |     3 ||     8
         Scorch            |       |       |    39 ||    39
         Lesser Beckoning  |       |       |     1 ||     1
    Use: Potion            |       |     1 |     6 ||     7
         Scroll            |       |     5 |     2 ||     7
   Stab: Invisible         |       |       |     2 ||     2
 Armour: Robe              |    11 |    11 |       ||    22
         Leather armour    |       |     3 |    14 ||    17
  Dodge: Dodged            |    37 |    27 |    43 ||   107

Table legend: (Time is in decaauts)
 A = Elapsed time spent in this place.
 B = Non-inter-level travel time spent in this place.
 C = Inter-level travel time spent in this place.
 D = Time resting spent in this place.
 E = Time spent auto-exploring this place.
 F = Levels seen in this place.
 G = Mean time per level.
                   A        B        C        D        E       F      G
               +--------+--------+--------+--------+--------+-----+--------+
         Total |   3710 |   3462 |    248 |    320 |   2304 |   7 |  530.0 |
       Dungeon |   3625 |   3411 |    214 |    320 |   2304 |   5 |  725.0 |
        Temple |     41 |      7 |     34 |      0 |      0 |   1 |   41.0 |
       Ossuary |     43 |     43 |      0 |      0 |      0 |   1 |   43.0 |
               +--------+--------+--------+--------+--------+-----+--------+

Top non-repeatable levels by time:
     D:2: 1336 daAuts
     D:1: 767 daAuts
     D:4: 718 daAuts
     D:3: 625 daAuts
     D:5: 177 daAuts
 Ossuary: 43 daAuts
  Temple: 41 daAuts
